 Dungeon Crawl Stone Soup version 0.27.1-4-g1640c2035a (webtiles) character file.

Game seed: 15766557993579474171

20 McKennaii the Skirmisher (level 2, 0/24 HPs)
             Began as a Demonspawn Fighter on Nov 12, 2021.
             Slain by Sigmund (5 damage)
             ... on level 2 of the Dungeon.
             The game lasted 00:00:50 (1132 turns).

McKennaii the Skirmisher (Demonspawn Fighter)       Turns: 1132, Time: 00:00:51

Health: 0/24       AC: 10    Str: 16    XL:     2   Next: 58%
Magic:  2/2        EV:  6    Int:  9    God:
Gold:   22         SH:  8    Dex: 12    Spells: 1/1 levels left

rFire    . . .     SeeInvis .   a - +0 trident
rCold    . . .     Faith    .   c - +0 kite shield
rNeg     . . .     Spirit   .   b - +0 scale mail
rPois    .         Reflect  .   (no helmet)
rElec    .         Harm     .   (no cloak)
rCorr    .         Rampage  .   (no gloves)
Will     .....                  (no boots)
Stlth    ..........             (no amulet)
HPRegen  0.08/turn              i - +4 ring of protection
MPRegen  0.08/turn              (no ring)

@: mighty
A: hooves 1
a: no special abilities


You were on level 2 of the Dungeon.
You visited 1 branch of the dungeon, and saw 2 of its levels.

You collected 22 gold pieces.

Inventory:

Hand Weapons
 a - a +0 trident (weapon)
Armour
 b - a +0 scale mail (worn)
 c - a +0 kite shield (worn)
Jewellery
 i - a +4 ring of protection (left hand)
Scrolls
 e - a scroll of noise {unknown}
 g - 2 scrolls of teleportation {unknown}
 j - 3 scrolls of fog {unknown}
 k - a scroll of fear {unknown}
Potions
 h - a potion of flight {unknown}


   Skills:
 * Level 3.3 Fighting
 * Level 2.1 Polearms
 + Level 2.8 Armour
 + Level 3.0 Shields


You had one spell level left.
You didn't know any spells.
Your spell library was empty.

Dungeon Overview and Level Annotations

Branches:
Dungeon (2/15)

Altars:

Annotations:
D:2 Sigmund


Innate Abilities, Weirdness & Mutations

You have large cloven feet.


Message History

You swing at nothing.
You swing at nothing.
Something hits you.
You writhe in agony.
You swing at nothing.
Something hits you.
You swing at nothing.
Something hits you but does no damage.
You writhe in agony.
You swing at nothing.
Something hits you but does no damage.
A puff of flame appears from out of thin air!
The puff of flame hits you.
A magic dart appears from out of thin air!
The magic dart hits you but does no damage.
What are your orders? t - Shout!
Orders for allies: a - Attack new target. r - Retreat! s - Stop attacking. g - Guard the area. f - Follow me.
Anything else - Cancel.
Okay, then.
Sigmund casts a spell at you.
You are confused.
You nearly stumble into some deep water!
You are too confused!
It was a potion of cancellation.
Your magical effects are unravelling.
You feel magically purged.
You feel less confused.
You feel very mighty all of a sudden.
You puncture Sigmund!
Sigmund is moderately wounded.
Sigmund hits you with a +0 scythe of pain.
You writhe in agony.
You puncture Sigmund! You kick Sigmund.
Sigmund is severely wounded.
Sigmund mumbles some strange words.
Sigmund flickers and vanishes!
You hear some strange, mumbled words.
A puff of flame appears from out of thin air!
The puff of flame hits you.
* * * LOW HITPOINT WARNING * * *
You closely miss something. Something hits you.
You die...

##...######.........
##.....## ###.##.##.
##.......## ##.##.##.
#.........####...#.##.
+.........'...........
#.........####...#.###
#.......## ##.##.#
####...## ####.#
##≈≈.@.## #.#
##≈≈.{+## #{# #≈≈....#
#.# #≈⌠....# #.#
#≈≈....############.#
##≈≈....##..........#
##≈≈....#.##########
.####..##.#
#.........#


There were no monsters in sight!

Vanquished Creatures
  3 ball pythons
  2 endoplasms (D:1)
  A giant cockroach (D:1)
  2 goblins (D:1)
  3 hobgoblins (D:1)
  A quokka (D:1)
  4 frilled lizards
  A kobold (D:1)
  A rat (D:1)
18 creatures vanquished.

Notes
Turn   | Place    | Note
-------+----------+-------------------------------------------
     0 | D:1      | McKennaii the Demonspawn Fighter began the quest for the
                  | Orb.
     0 | D:1      | Reached XP level 1. HP: 18/18 MP: 1/1
     2 | D:1      | Noticed a djinni
     2 | D:1      | Noticed a minotaur
     4 | D:1      | Noticed a troll
     4 | D:1      | Noticed an ogre
     6 | D:1      | Noticed a vampire
     6 | D:1      | Noticed a dwarf
     8 | D:1      | Noticed a tengu
     8 | D:1      | Noticed a demonspawn
    10 | D:1      | Noticed a ghoul
    12 | D:1      | Noticed a gargoyle
    14 | D:1      | Noticed an elf
    14 | D:1      | Noticed a vine stalker
    16 | D:1      | Noticed a spriggan
    18 | D:1      | Noticed an octopode
    18 | D:1      | Noticed a naga
    20 | D:1      | Noticed a merfolk
    20 | D:1      | Noticed a palentonga
    22 | D:1      | Noticed a barachi
    22 | D:1      | Noticed a demigod
    24 | D:1      | Noticed a felid
    24 | D:1      | Noticed a formicid
    26 | D:1      | Noticed a human
    26 | D:1      | Noticed a draconian
   233 | D:1      | Gained mutation: You have large cloven feet. [demonic
                  | ancestry]
   233 | D:1      | Reached XP level 2. HP: 24/24 MP: 2/2
  1075 | D:2      | Noticed Sigmund
  1132 | D:2      | Slain by Sigmund

Illustrated notes

Levels and vault maps discovered:
D:1:      kb_arrival_jail, layout_loops_ring
D:2:      cheibrodos_old_hovel, layout_loops_corners, serial_shops, shop,
          minmay_misc_feat_diagonals, kennysheep_nub, minivault_19,
          minmay_randomly_rotated_circles, uniq_sigmund, uniq_crazy_yiuf_cottage

Skill      XL: |  1  2 |
---------------+-------+-----
Polearms       | 2 |  2.1
Shields        | 3 |  3.0
Fighting       | |  3.3
Armour         | |  2.8

Action                   || total
-------------------------++-------
Melee: Trident           ||    40
       Kick              ||     7
  Use: Potion            ||     2
Armor: Scale mail        ||    13
Dodge: Dodged            ||     9
Block: Kite shield       ||     8
